 Dungeon Crawl Stone Soup version 0.25-b1-29-g4cfa5c7bda (webtiles) character file.

Game seed: 17082362400150716402, levelgen mode: deterministic

81 Delamore the Cudgeler (level 4, 0/28 HPs)
             Began as a Gargoyle Fighter on June 3, 2020.
             Killed by divine providence
             ... invoked by an orc priest
              (12 damage)
             ... on level 3 of the Dungeon.
             The game lasted 00:01:33 (2093 turns).

Delamore the Cudgeler (Gargoyle Fighter)            Turns: 2093, Time: 00:01:34

Health: 0/28       AC: 10    Str: 21    XL:     4   Next: 40%
Magic:  4/4        EV:  7    Int:  8    God:
Gold:   94         SH:  9    Dex:  9    Spells: 3/3 levels left

rFire    . . .     SeeInvis .   a - +0 flail
rCold    . . .     Gourm    .   c - +0 kite shield
rNeg     + . .     Faith    .   b - +0 scale mail
rPois    ∞         Spirit   .   (no helmet)
rElec    +         Reflect  .   (no cloak)
rCorr    +         Harm     .   (no gloves)
MR       .....                  (no boots)
Stlth    ..........             (no amulet)
HPRegen  0.09/turn              m - ring of resist corrosion
MPRegen  0.09/turn              (no ring)

@: no status effects
A: negative energy resistance 1, electricity resistance, unbreathing,
petrification resistance, rot immunity, AC +3
a: no special abilities


You were on level 3 of the Dungeon.
You were not hungry.

You visited 1 branch of the dungeon, and saw 3 of its levels.

You collected 94 gold pieces.

Inventory:

Hand Weapons
 a - a +0 flail (weapon)
Armour
 b - a +0 scale mail (worn)
 c - a +0 kite shield (worn)
Jewellery
 m - a ring of resist corrosion (left hand)
Scrolls
 h - a scroll of remove curse {unknown}
 i - 3 scrolls of magic mapping {unknown}
 j - a scroll of fear {unknown}
 k - 2 scrolls of enchant armour {unknown}
 n - a scroll of fog {unknown}
 p - a scroll of identify {unknown}
Potions
 d - a potion of might
 e - a potion of cancellation {unknown}
 l - 2 potions of curing {unknown}
 o - a potion of lignification {unknown}
 q - a potion of heal wounds {unknown}
 r - a potion of flight {unknown}
 s - a potion of brilliance {unknown}
Comestibles
 f - 7 rations


   Skills:
 - Level 3.2 Fighting
 + Level 4.5 Maces & Flails
 - Level 3.2 Armour
 - Level 3.3 Shields


You had 3 spell levels left.
You didn't know any spells.
Your spell library was empty.

Dungeon Overview and Level Annotations

Branches:
Dungeon (3/15)

Altars:


Innate Abilities, Weirdness & Mutations

You are resistant to torment.
Your stone body is resilient. (AC +3)
You are immune to poison.
You resist negative energy. (rN+)
You are resistant to electric shocks. (rElec)
You can survive without breathing.
You are immune to petrification.
You are immune to rotting.


Message History

You block the orc's attack.
You barely miss the orc.
The orc is lightly wounded.
An orc comes into view. It is wielding a +0 mace.
The orc barely misses you.
The hobgoblin hits you but does no damage.
You block the orc's attack.
The orc shouts!
You hit the orc.
The orc is severely wounded.
The orc priest miscasts a cantrip.
The orc barely misses you. You block the hobgoblin's attack.
The orc hits you but does no damage.
The orc priest invokes the aid of Beogh against you.
Beogh smites you!
Ouch! That really hurt!
The orc hits you but does no damage.
The orc priest calls down the wrath of Beogh upon you.
Beogh smites you!
You die...

.# . . .#
#. #.#...
###....#
#####oo...#
#....g.o..#
#...@o....#
#..<......#
###########


You could see an orc priest, 3 orcs and a hobgoblin.

Vanquished Creatures
  3 adders (D:2)
  A worm (D:2)
  2 dart slugs
  A leopard gecko (D:1)
  An orc (D:3)
  A giant cockroach (D:2)
  6 goblins
  9 hobgoblins
  9 bats
  7 frilled lizards
  3 kobolds
  A rat (D:1)
44 creatures vanquished.

Notes
Turn   | Place    | Note
-------+----------+-------------------------------------------
     0 | D:1      | Delamore the Gargoyle Fighter began the quest for the Orb.
     0 | D:1      | Reached XP level 1. HP: 14/14 MP: 1/1
   215 | D:1      | Reached XP level 2. HP: 10/19 MP: 2/2
   417 | D:1      | Reached skill level 3 in Maces & Flails
   743 | D:1      | Reached XP level 3. HP: 23/23 MP: 3/3
  1543 | D:2      | Reached skill level 4 in Maces & Flails
  1543 | D:2      | Reached XP level 4. HP: 25/28 MP: 4/4
  2093 | D:3      | Killed from afar by an orc priest

Illustrated notes

Levels and vault maps discovered:
D:1:      kennysheep_arrival_seaside, layout_basic, serial_glass,
          glass_columns_a, glass_columns_a, feat_on_display,
          due_unseen_surprise, minmay_strange_pillars, minmay_strange_pillars,
          hangedman_feature_mirror
D:2:      layout_basic
D:3:      layout_rooms, doesnt_xom_only_xom

Skill      XL: |  1  2  3 |
---------------+----------+-----
Maces & Flails | 3 4 |  4.5
Fighting       | |  3.2
Armour         | |  3.2
Shields        | |  3.3

Action                   |  1- 3 |  4- 6 || total
-------------------------+-------+-------++-------
Melee: Flail             |   130 |    57 ||   187
  Eat: Chunk             |     2 |     2 ||     4
Armor: Scale mail        |    66 |    44 ||   110
Dodge: Dodged            |    51 |    29 ||    80
Block: Kite shield       |    76 |    52 ||   128
